 Dungeon Crawl Stone Soup version 0.28-a0-563-gf77a47075d (webtiles) character file.

Game seed: 15651222524849327134

203 siradein the Sneak (level 5, 24/24 HPs)
             Began as a Spriggan Venom Mage on Oct 1, 2021.
             Quit the game on level 3 of the Dungeon.
             The game lasted 00:14:29 (3669 turns).

siradein the Sneak (Spriggan Venom Mage)            Turns: 3669, Time: 00:14:30

Health: 24/24      AC:  3    Str:  4    XL:     5   Next: 51%
Magic:  12/12      EV: 18    Int: 18    God:
Gold:   156        SH:  0    Dex: 15    Spells: 6/12 levels left

rFire   . . .      SeeInvis +   n - +2 quarterstaff (chaos)
rCold   . . .      Faith    .   (shield currently unavailable)
rNeg    . . .      Spirit   .   a - +0 robe
rPois   .          Reflect  .   (helmet restricted)
rElec   .          Harm     .   o - +0 cloak
rCorr   .          Rampage  .   (gloves unavailable)
Will    .....                   (boots unavailable)
Stlth   +++.......              (no amulet)
HPRegen 0.08/turn               (no ring)
MPRegen 0.13/turn               (no ring)

@: very quick
A: very small, no large weapons, unfitting armour, see invisible, speed 3
a: no special abilities


You were on level 3 of the Dungeon.
You visited 1 branch of the dungeon, and saw 3 of its levels.

You collected 156 gold pieces.

Inventory:

Hand Weapons
 c - a +1 short sword of speed
 f - a +0 hunting sling
 n - a +2 quarterstaff of chaos (weapon)
Missiles
 g - 52 stones
 h - 17 poisoned darts
 j - 38 sling bullets
Armour
 a - a +0 robe (worn)
 o - a +0 cloak (worn)
Wands
 l - a wand of mindburst (8)
Scrolls
 b - a scroll of enchant armour {unknown}
 d - a scroll of identify {unknown}
 e - a scroll of immolation {unknown}
 i - a scroll of fear {unknown}
Potions
 k - a potion of magic {unknown}
 m - a potion of attraction {unknown}


   Skills:
 + Level 4.2 Dodging
 + Level 4.7 Stealth
 + Level 4.0 Spellcasting
 + Level 3.3 Transmutations
 + Level 3.8 Poison Magic


You had 6 spell levels left.
You knew the following spells:

 Your Spells              Type           Power      Damage    Failure   Level
a - Sting                 Tmut/Pois      64%        1d6       3%          1
b - Poisonous Vapours     Pois/Air       20%        N/A       10%         2
c - Mephitic Cloud        Conj/Pois/Air  8%         N/A       26%         3

Your spell library contained the following spells:

 Spells                   Type           Power      Damage    Failure   Level
 Corpse Rot               Necr/Air       N/A        N/A       22%         2
 Olgreb's Toxic Radiance  Pois           17%        N/A       30%         4


Dungeon Overview and Level Annotations

Branches:
Dungeon (3/15)

Altars:
Zin

Shops:
D:2 *


Innate Abilities, Weirdness & Mutations

You are very small and have problems with some larger weapons.
You are too small for most types of armour.
You have supernaturally acute eyesight. (SInv)
You cover ground extremely quickly. (Speed+++)


Message History

The hobgoblin completely misses you.
You hit the hobgoblin.
You kill the hobgoblin!
No target in view!
No target in view!
No target in view!
You now have 141 gold pieces (gained 7).
A bat comes into view.
A bat is nearby!
A bat is nearby!
A bat is nearby!
A bat is nearby!
A bat is nearby!
The bat misses you.
Aiming: Sting (safe; 3% risk of failure)
Press: ? - help, Q - select action, (/) - cycle Shift-Dir - straight line, f - bat
Aim: a bat (60% to hit)
The sting misses the bat.
The bat closely misses you.
Unknown command.
Aiming: Sting (safe; 3% risk of failure)
Press: ? - help, Q - select action, (/) - cycle Shift-Dir - straight line, f/p - bat
Aim: a bat (60% to hit)
The sting hits the bat.
The bat is poisoned.
The bat is severely wounded.
The bat hits you but does no damage. x2
You kill the bat!
No target in view!
No target in view!
No target in view!
No target in view!
You now have 156 gold pieces (gained 15).
j - 38 sling bullets (gained 23)
A bat comes into view.
Found a pair of boots.
A bat is nearby!
A bat is nearby!
A bat is nearby!
A bat is nearby!
Are you sure you want to abandon this character and quit the game? (Confirm with "yes".)

###### #.# #...
.....###.# .#.# . [.
####..##.#####...##...
...................#.###
........................
..........##.........b
............### ...
#....######...###.#
###..##.........@.#
#.....####...#....#
####.. ................
.... #...##.#.....##. #
..# ..... ..#.###.#
###.. .........#.# .#
##.. #......^....# #
##.# #..........##
.#.###..........##


You could see a bat.

Vanquished Creatures
  A phantom (D:2)
  Crazy Yiuf (D:2)
  3 gnolls (D:2)
  An adder (D:2)
  A worm (D:3)
  4 orcs
  6 ball pythons
  4 endoplasms
  3 goblins
  8 hobgoblins
  11 bats
  2 frilled lizards (D:2)
  7 kobolds
  4 rats
56 creatures vanquished.

Notes
Turn   | Place    | Note
-------+----------+-------------------------------------------
     0 | D:1      | siradein the Spriggan Venom Mage began the quest for the
                  | Orb.
     0 | D:1      | Reached XP level 1. HP: 9/9 MP: 5/5
   463 | D:1      | Reached XP level 2. HP: 13/13 MP: 3/6
   576 | D:1      | Learned a level 2 spell: Poisonous Vapours
  1044 | D:1      | Found a faded altar of an unknown god.
  1651 | D:2      | Found Bivoem's Assorted Antiques.
  1755 | D:2      | Reached XP level 3. HP: 16/16 MP: 4/8
  2036 | D:2      | Found a glowing silver altar of Zin.
  2421 | D:2      | Reached XP level 4. HP: 21/21 MP: 6/10
  2649 | D:2      | Learned a level 3 spell: Mephitic Cloud
  2819 | D:2      | Found a runed translucent door.
  2820 | D:2      | Noticed Crazy Yiuf
  3100 | D:2      | Killed Crazy Yiuf
  3342 | D:3      | Noticed a phantom
  3375 | D:2      | Killed a phantom
  3376 | D:2      | Reached XP level 5. HP: 13/24 MP: 4/12
  3669 | D:3      | Quit the game

Illustrated notes

Levels and vault maps discovered:
D:1:      lemuel_arrival_hallway, layout_basic, basic_ecumenical_altar
D:2:      minmay_angry_zag, layout_loops_ring, basic_altar, serial_shops, shop,
          serial_co_window_serial, co_window_paths_a, co_window_paths_a,
          co_window_paths_a, co_window_paths_b, co_window_cross_1,
          co_window_of_opportunity_a, co_window_paths_b,
          co_window_unsneaky_path_b, co_window_paths_c, co_window_corner_cb,
          co_window_paths_e, glass_columns_a, nicolae_underground_beach,
          uniq_crazy_yiuf_cottage
D:3:      layout_rooms

Skill      XL: |  1  2  3  4 |
---------------+-------------+-----
Dodging        | 3 4 |  4.2
Spellcasting   | 3 4 |  4.0
Transmutations | 2 3 |  3.3
Stealth        | 4 |  4.7
Poison Magic   | |  3.8

Action                   |  1- 3 |  4- 6 || total
-------------------------+-------+-------++-------
Melee: Unarmed           |     6 |       ||     6
       Short sword       |     3 |       ||     3
       Quarterstaff      |       |    13 ||    13
 Cast: Sting             |    35 |    40 ||    75
       Poisonous Vapours |    23 |     2 ||    25
Armor: Robe              |     4 |     5 ||     9
Dodge: Dodged            |    25 |    25 ||    50

Table legend: (Time is in decaauts)
 A = Elapsed time spent in this place.
 B = Non-inter-level travel time spent in this place.
 C = Inter-level travel time spent in this place.
 D = Time resting spent in this place.
 E = Time spent auto-exploring this place.
 F = Levels seen in this place.
 G = Mean time per level.
                   A        B        C        D        E       F      G
               +--------+--------+--------+--------+--------+-----+--------+
         Total |   2702 |   2626 |     76 |    249 |   1893 |   3 |  900.7 |
       Dungeon |   2702 |   2626 |     76 |    249 |   1893 |   3 |  900.7 |
               +--------+--------+--------+--------+--------+-----+--------+

Top non-repeatable levels by time:
     D:2: 1575 daAuts
     D:1: 918 daAuts
     D:3: 208 daAuts
